 Dungeon Crawl Stone Soup version 0.31-a0-18-gea43df2a32 (webtiles) character file.

Game seed: 2924520993603272898

17 scionoferis the Magician (level 2, -1/23 HPs)
             Began as a Djinni Warper on May 12, 2023.
             Slain by a gnoll
             ... wielding a +0 spear
              (3 damage)
             ... on level 2 of the Dungeon.
             The game lasted 00:01:44 (712 turns).

scionoferis the Magician (Djinni Warper)             Turns: 712, Time: 00:01:44

Health: -1/23      AC:  4    Str: 16    XL:     2   Next: 80%
Gold:   50         EV: 12    Int: 14    God:
                   SH:  0    Dex: 12

rFire   + + .        a - +0 falchion
rCold   x . .        (no shield)
rNeg    . . .        b - +0 leather armour
rPois   ∞            e - +0 helmet
rElec   .            (no cloak)
rCorr   .            (no gloves)
SInv    .            (boots unavailable)
Will    .....        (no amulet)
Stlth   +            g - +6 ring of strength
HPRegen 0.23/turn    m - ring of wizardry
MPRegen 0.00/turn

%: wizardry (x1), infuse magic (-2 HP)
@: flying
A: sickness immunity, fire resistance 2, cold vulnerability 1, float, innate
caster, HP casting, extra vitality 1
a: no special abilities


You were on level 2 of the Dungeon.
You visited 1 branch of the dungeon, and saw 2 of its levels.

You collected 50 gold pieces.


Innate Abilities, Weirdness & Mutations

You are immune to sickness and miasma.
You are immune to poison.
Your flesh is very heat resistant. (rF++)
You are vulnerable to cold. (rC-)
You float through the air rather than walking.
You learn spells naturally, not from books.
Your magical power is your life essence.
You have superior vitality. (+4 MHP)


   Skills:
 + Level 2.2 Fighting
 * Level 2.1 Long Blades
 - Level 0.7 Throwing
 - Level 1.0 Armour
 - Level 2.1 Dodging
 + Level 0.5 Stealth
 * Level 2.6 Spellcasting


You knew the following spells:

 Your Spells              Type           Power      Damage    Failure   Level
a - Blink                 Tloc           18%        N/A       6%          2
b - Lesser Beckoning      Tloc           18%        N/A       6%          2
c - Vhi's Electric Charg  Tloc/Air       18%        N/A       11%         3
d - Teleport Other        Tloc           9%         N/A       11%         3
e - Manifold Assault      Tloc           9%         N/A       32%         4
Your spell library was empty.

Inventory:

Hand Weapons
 a - a +0 falchion (weapon)
Missiles
 d - 7 boomerangs of dispersal (quivered)
Armour
 b - a +0 leather armour (worn)
 e - a +0 helmet (worn)
   (You found it on level 1 of the Dungeon)
Jewellery
 g - a +6 ring of strength (left hand)
   (You found it on level 1 of the Dungeon)
 m - a ring of wizardry (right hand)
   (You found it on level 1 of the Dungeon)
Scrolls
 c - a scroll of blinking
 h - a scroll of immolation {unknown}
 i - a scroll of identify {unknown}
 n - a scroll of fear {unknown}
 o - a scroll of torment {unknown}
Potions
 f - a potion of might {unknown}
 j - a potion of resistance {unknown}
 k - a potion of mutation {unknown}
 l - a potion of lignification {unknown}

Dungeon Overview and Level Annotations

Branches:
Dungeon (2/15)

Altars:

.....## #.# #...##
#.######## ##'##
#.gg.....# #.#
#.######g# #.# #....#
#.# ##)## #.##.# #.#
#...###### #.##.# #.#
.........# #.##.###.#
#........# #....@ggg#
##.#.....######.#####
................#
####.....########
#######


You could see 3 gnolls.


Message History

Welcome, scionoferis the Djinni Warper.
The Orb of Zot is coveted for many reasons.
Will you seize it for your own?
Press ? for a list of commands and other information.
Found 10 gold pieces.
Found a staircase leading out of the dungeon.
You begin with the following spells memorised: Blink, Lesser Beckoning, Vhi's Electric Charge, Teleport Other, Manifold Assault.
Found a helmet.
You now have 10 gold pieces.
You see here a +0 helmet.
e - a +0 helmet You start putting on your armour.
You continue putting on your +0 helmet. x4
You finish putting on your +0 helmet.
A ball python comes into view.
You completely miss the ball python. The ball python barely misses you. x2
You slash the ball python!
You kill the ball python!
No target in view!
No target in view!
Found a stone staircase leading down.
Found a dagger.
You see here a +0 dagger.
A rat comes into view.
The rat moves out of view.
You slash the rat!
You kill the rat!
No target in view!
No target in view!
You see here a rat corpse.
f - a grey potion
Found 5 stones.
Found 6 stones.
g - a +6 ring of strength You feel stronger.
g - a +6 ring of strength (left hand)
h - a scroll labelled HAYFEXU IMETU
Found a robe.
i - a scroll labelled VUTOPAH BOEFIB A ball python comes into view.
The ball python barely misses you. x2; The ball python misses you.
The ball python grabs you. The ball python constricts you.
You hit the ball python.
You kill the ball python!
No target in view!
You see here a ball python corpse.
Found a faded altar of an unknown god.
You now have 22 gold pieces (gained 12).
A bat comes into view.
Found a glowing sapphire potion.
The bat closely misses you.
You closely miss the bat. The bat barely misses you. The bat hits you.
You barely miss the bat. The bat hits you but does no damage.
The bat barely misses you.
You closely miss the bat. The bat barely misses you. The bat hits you.
The bat hits you but does no damage. The bat closely misses you.
The bat completely misses you.
You barely miss the bat. The bat closely misses you.
The bat hits you but does no damage.
You miss the bat. The bat hits you but does no damage.
The bat barely misses you. The bat hits you but does no damage.
You barely miss the bat. The bat hits you but does no damage.
The bat completely misses you. The bat hits you but does no damage.
The bat hits you.
You hit the bat.
The bat is severely wounded.
The bat completely misses you. The bat misses you.
The bat hits you but does no damage.
You hit the bat.
You kill the bat!
No target in view!
HP restored.
You see here a bat corpse.
A goblin comes into view. It is wielding a +0 dagger.
The goblin shouts!
A bat comes into view.
The goblin moves out of view.
You see here a glowing sapphire potion.
A bat is nearby!
The goblin barely misses you.
You slash the goblin!
You kill the goblin!
The bat hits you but does no damage. x2
You barely miss the bat. The bat hits you but does no damage.
The bat closely misses you. The bat hits you but does no damage.
You hit the bat.
The bat is severely wounded.
The bat barely misses you. x2; The bat closely misses you.
You hit the bat.
You kill the bat!
Your Long Blades skill increases to level 2!
You have reached level 2!
Found a fuming orange potion.
You see here a +0 dagger.
j - a glowing sapphire potion You see here a +0 dagger.
k - a fuming orange potion
l - a golden potion
Found a stone staircase leading down.
Found a leather armour.
There is a stone staircase leading down here.
You now have 31 gold pieces (gained 9).
A hobgoblin comes into view.
The hobgoblin shouts!
You see here a ring of wizardry.
m - a ring of wizardry A giant cockroach comes into view.
You closely miss the hobgoblin. The hobgoblin barely misses you.
The hobgoblin hits you but does no damage.
You barely miss the hobgoblin. The hobgoblin closely misses you.
You completely miss the hobgoblin. The hobgoblin barely misses you.
You hit the hobgoblin but do no damage. The hobgoblin barely misses you.
You hit the hobgoblin but do no damage. The hobgoblin barely misses you.
You hit the hobgoblin but do no damage. The hobgoblin misses you.
The hobgoblin hits you.
You barely miss the hobgoblin. The hobgoblin hits you.
You hit the hobgoblin.
The hobgoblin is moderately wounded.
The hobgoblin hits you but does no damage.
You hit the hobgoblin.
The hobgoblin is heavily wounded.
The hobgoblin barely misses you.
You slash the hobgoblin!
You kill the hobgoblin!
No target in view!
You now have 44 gold pieces (gained 13).
A giant cockroach is nearby!
You hit the giant cockroach but do no damage.
The giant cockroach barely misses you.
You hit the giant cockroach.
The giant cockroach is heavily wounded.
The giant cockroach closely misses you. The giant cockroach barely misses you.
You closely miss the giant cockroach.
The giant cockroach is heavily wounded.
The giant cockroach barely misses you.
You barely miss the giant cockroach.
The giant cockroach is heavily wounded.
The giant cockroach bites you. The giant cockroach barely misses you.
You hit the giant cockroach.
The giant cockroach is severely wounded.
The giant cockroach barely misses you.
You hit the giant cockroach but do no damage.
The giant cockroach is severely wounded.
The giant cockroach bites you but does no damage.
The giant cockroach closely misses you.
You barely miss the giant cockroach.
The giant cockroach is severely wounded.
The giant cockroach misses you.
You hit the giant cockroach but do no damage.
You punch the giant cockroach, but do no damage.
The giant cockroach is severely wounded.
The giant cockroach bites you but does no damage.
The giant cockroach misses you.
You hit the giant cockroach.
You kill the giant cockroach!
No target in view!
m - a ring of wizardry (right hand)
Found a leather armour.
You see here a giant cockroach corpse.
You reach down and open the door.
There is an open door here.
Found a stone staircase leading down.
A ball python comes into view.
The ball python hisses angrily.
The ball python bites you but does no damage.
The ball python grabs you. The ball python constricts you.
You barely miss the ball python. The ball python closely misses you.
The ball python constricts you.
You slash the ball python!
You kill the ball python!
No target in view!
You see here a ball python corpse.
Found a club.
n - a scroll labelled OLIPTAE SEENARR You see here a +0 club.
You see here a +0 club.
You see here a ball python corpse.
There is an open door here.
You see here a +0 leather armour.
There is a stone staircase leading down here.
You see here a +0 dagger.
You see here a bat skeleton.
You now have 50 gold pieces (gained 6).
A jackal comes into view.
The jackal barks!
You hear a shout! x2
A jackal is nearby!
A jackal comes into view.
You closely miss the jackal.
The jackal barks!
The jackal barely misses you.
A goblin comes into view. It is wielding a +0 club.
The jackal misses you.
You hit the jackal but do no damage. The jackal completely misses you.
The jackal bites you.
You barely miss the jackal.
A kobold comes into view. It is wielding a +0 dagger.
The jackal bites you.
The kobold moves out of view.
You closely miss the jackal. The jackal misses you.
The jackal bites you but does no damage.
You completely miss the jackal. The jackal barely misses you.
The jackal misses you.
You completely miss the jackal.
The jackal bites you but does no damage.
You barely miss the jackal. The jackal barely misses you.
The jackal closely misses you.
You hit the jackal.
You kill the jackal!
The jackal barely misses you.
You closely miss the jackal. The jackal misses you.
You hit the jackal.
The jackal is lightly wounded.
The jackal barely misses you. The jackal closely misses you.
You hit the jackal.
The jackal is severely wounded.
The jackal bites you. x2
You hit the jackal.
You kill the jackal!
You hit the goblin.
You kill the goblin!
The kobold hits you but does no damage.
You closely miss the kobold. The kobold barely misses you.
You hit the kobold but do no damage. The kobold hits you with a +0 dagger.
You hit the kobold.
You kill the kobold!
No target in view!
Found a club.
Items here: )) ††.
You reach down and open the door.
Done exploring.
Done exploring.
There is an open door here.
You see here a +0 dagger.
There is a stone staircase leading down here.
Search for what [? for help]? d: Unknown command.
Unknown command.
You fly downwards.
There is a stone staircase leading up here.
Found a dagger.
You see here a +4 dagger of venom.
You reach down and open the door.
There is an open door here.
There is an open door here.
A goblin and a rat come into view.
The goblin shouts!
You swing at nothing.
You swing at nothing.
You slash the goblin!
You kill the goblin!
You swing at nothing.
You swing at nothing.
You swing at nothing.
You see here a +0 club.
A rat is nearby!
There are no items here.
You see here a scroll labelled SOULOET UNLEL.
o - a scroll labelled SOULOET UNLEL You hit the rat.
You kill the rat!
No target in view!
A gnoll comes into view.
It is wielding a +2 flail of protection.
A gnoll is nearby! 2 gnolls come into view.
Found 12 gold pieces.
The gnoll shouts! x2
You hit the gnoll.
The gnoll is moderately wounded.
The gnoll hits you with a +2 flail of protection!
You barely miss the gnoll.
The gnoll is moderately wounded.
The gnoll closely misses you.
The gnoll hits you from afar with a +0 spear.
You hit the gnoll but do no damage.
The gnoll is moderately wounded.
The gnoll closely misses you. The gnoll barely misses you.
The gnoll closely misses you.
The gnoll hits you from afar with a +0 spear.
You hit the gnoll but do no damage.
The gnoll is moderately wounded.
The gnoll completely misses you. The gnoll barely misses you.
You hit the gnoll but do no damage.
The gnoll is moderately wounded.
The gnoll hits you with a +2 flail of protection.
The gnoll hits you from afar with a +0 spear.
* * * LOW HITPOINT WARNING * * *
You barely miss the gnoll.
The gnoll is moderately wounded.
The gnoll barely misses you.
The gnoll hits you from afar with a +0 spear.
You die...

Skill      XL: |  1 |
---------------+----+-----
Long Blades    | 2 |  2.1
Fighting       | |  2.2
Throwing       | |  0.7
Armour         | |  1.0
Dodging        | |  2.1
Stealth        | |  0.5
Spellcasting   | |  2.6

Action                     || total
---------------------------++-------
  Melee: Falchion          ||    61
         Punch             ||     1
 Armour: Leather armour    ||    20
  Dodge: Dodged            ||    58

Levels and vault maps discovered:
D:1:      wander_arrival_peaceful_grave, layout_basic,
          chequers_ecumenical_altar_island
D:2:      layout_loops_corners

Notes
Turn   | Place    | Note
-------+----------+-------------------------------------------
     0 | D:1      | scionoferis the Djinni Warper began the quest for the Orb.
     0 | D:1      | scionoferis set off with the following spells memorised:
                  | Blink, Lesser Beckoning, Vhi's Electric Charge, Teleport
                  | Other, Manifold Assault.
     0 | D:1      | Reached XP level 1. HP: 18/18 MP: 0/0
   118 | D:1      | Found a faded altar of an unknown god.
   168 | D:1      | Reached skill level 2 in Long Blades
   168 | D:1      | Reached XP level 2. HP: 23/23 MP: 0/0
   711 | D:2      | HP: 2/23 [gnoll/+0 spear (6)]
   712 | D:2      | Slain by a gnoll

Vanquished Creatures
  2 bats (D:1)
  A giant cockroach (D:1)
  3 goblins (D:1 D:2)
  A hobgoblin (D:1)
  2 jackals (D:1)
  A kobold (D:1)
  3 ball pythons (D:1)
  2 rats (D:1 D:2)
15 creatures vanquished.

Table legend: (Time is in decaauts)
 A = Elapsed time spent in this place.
 B = Non-inter-level travel time spent in this place.
 C = Inter-level travel time spent in this place.
 D = Time resting spent in this place.
 E = Time spent auto-exploring this place.
 F = Levels seen in this place.
 G = Mean time per level.
                   A        B        C        D        E       F      G
               +--------+--------+--------+--------+--------+-----+--------+
         Total |    723 |    697 |     26 |      0 |    517 |   2 |  361.5 |
       Dungeon |    723 |    697 |     26 |      0 |    517 |   2 |  361.5 |
               +--------+--------+--------+--------+--------+-----+--------+

Top non-repeatable levels by time:
     D:1: 623 daAuts
     D:2: 100 daAuts

Table legend:
 A = Non-vault XP
 B = Vault XP
 C = Vault XP percentage of total XP
 D = Non-vault monster count
 E = Vault monster count
 F = Vault count percentage of total count
                 A         B        C        D         E       F
            +---------+---------+-------+---------+---------+-------
      Total |      25 |       0 |   0.0 |      15 |       0 |   0.0
            +---------+---------+-------+---------+---------+-------
        D:1 |      22 |       0 |   0.0 |      13 |       0 |   0.0
        D:2 |       3 |       0 |   0.0 |       2 |       0 |   0.0
            +---------+---------+-------+---------+---------+-------
